AoeStats
← waLLefps.

Pilgrims

507078972Analyzed
2v2 RM · 15d ago on Sep 16, 2026· 67m 35s· 4 players
Game mode
Random Map
Map size
Medium (4 player)
Population
200
Speed
Normal
Resources
Standard
Victory
Conquest
Starting age
Dark Age
Ending age
Imperial Age
RankedLock teamsTeams togetherTeam positionsShared explorationLock speedFull tech treeHidden civsTurbo modeCheats
Victory
Defeat
🇹🇷 Khmer · Türkiye
1453
+21
🇹🇷 Burmese · Türkiye
1446
+21
🇨🇦 Japanese · Canada
1656
-24
🇹🇷 Byzantines · Türkiye
1475
-18
Aurum
6:45 Loom
9:37 Feudal Age
14:20 Castle Age
17:46 Scale Mail Armor
18:50 Forging
23:39 Double-Bit Axe
27:54 Chain Mail Armor
30:56 Wheelbarrow
31:42 Iron Casting
31:27 Man-at-Arms
31:55 Gambesons
31:56 Arson
32:12 Squires
32:06 Gold Mining
32:29 Long Swordsman
35:37 Horse Collar
36:25 Heavy Plow
36:34 Long Swordsman
41:33 Imperial Age
41:59 Two-Handed Swordsman
43:53 Capped Ram
46:20 Blast Furnace
46:42 Champion
48:25 Pikeman
50:23 Halberdier
55:32 Hand Cart
58:50 Hand Cart
funk
7:33 Loom
10:15 Feudal Age
11:05 Double-Bit Axe
11:35 Fishing Lines
15:18 Wheelbarrow
20:35 Castle Age
18:39 Gold Mining
18:52 Stone Mining
19:56 Horse Collar
21:14 Gillnets
21:41 Medium Warships
22:22 Gillnets
23:17 Scale Barding Armor
23:22 Forging
24:35 Siphons
25:36 Fletching
26:18 Clinker Construction
29:37 Chain Barding Armor
37:41 Iron Casting
38:07 Hand Cart
48:44 Imperial Age
47:49 Bodkin Arrow
49:44 Bow Saw
50:12 Plate Barding Armor
52:07 Chemistry
56:11 Heavy Warships
66:39 Shipwright
waLLefps.
5:22 Loom
12:39 Feudal Age
14:54 Forging
14:35 Double-Bit Axe
14:43 Gold Mining
19:18 Castle Age
17:49 Fishing Lines
18:49 Fletching
24:23 Castle Age
25:18 Bow Saw
28:30 Fervor
28:41 Sanctity
30:00 Wheelbarrow
31:24 Hand Cart
31:27 Town Watch
37:26 Imperial Age
35:18 Scale Barding Armor
35:49 Iron Casting
36:58 Bloodlines
36:50 Husbandry
40:45 Capped Ram
40:49 Heavy Scorpion
44:35 Siege Ram
46:04 Gold Shaft Mining
46:49 Double Crossbow
46:27 Light Cavalry
47:39 Hussar
51:17 Chain Barding Armor
51:57 Blast Furnace
56:02 Chemistry
55:23 Ballistics
55:09 Siege Engineers
58:05 Coinage
62:16 Banking
61:43 Stone Mining
63:44 Town Patrol
65:53 Bodkin Arrow
Tameryig1t
10:10 Loom
11:55 Feudal Age
18:11 Castle Age
17:17 Gold Mining
17:17 Stone Mining
19:12 Forging
19:02 Scale Mail Armor
18:58 Gambesons
19:14 Squires
18:59 Arson
18:35 Man-at-Arms
21:21 Chain Mail Armor
21:19 Long Swordsman
25:14 Iron Casting
31:40 Pikeman
45:29 Husbandry
45:39 Bloodlines
47:15 Horse Collar
48:21 Scale Barding Armor
51:49 Chain Barding Armor
55:43 Wheelbarrow
65:57 Imperial Age
63:42 Hand Cart
63:13 Town Watch
65:09 Ballistics
65:26 Fletching
65:39 Padded Archer Armor
66:38 Bodkin Arrow
67:40 Bracer
Connection lost

Rejoining the realm…

Still unreachable

The connection could not be restored.

Session expired

The server has moved on; the page needs a fresh start.